 Dungeon Crawl Stone Soup version 0.26-a0-812-g31a745ddcd (webtiles) character file.

Game seed: 4982919339128056128

517 kae the Chopper (level 7, -1/59 HPs)
             Began as a Hill Orc Abyssal Knight on Dec 10, 2020.
             Was a Priest of Lugonu.
             Slain by a worker ant (3 damage)
             ... on level 5 of the Dungeon.
             The game lasted 00:03:47 (6224 turns).

kae the Chopper (Hill Orc Abyssal Knight)           Turns: 6224, Time: 00:03:48

Health: -1/59      AC:  5    Str: 14 (17) XL:     7   Next: 20%
Magic:  10/10      EV: 13    Int: 13 (14) God:    Lugonu [***...]
Gold:   275        SH:  0    Dex: 11 (12) Spells: 6/6 levels left

rFire    . . .     SeeInvis .   a - +2 hand axe
rCold    . . .     Faith    .   q - +0 buckler
rNeg     . . .     Spirit   .   b - +1 leather armour
rPois    .         Reflect  .   (no helmet)
rElec    .         Harm     .   (no cloak)
rCorr    .         Rampage  .   e - +0 pair of gloves
MR       .....                  (no boots)
Stlth    +.........             (no amulet)
HPRegen  0.19/turn              (no ring)
MPRegen  0.12/turn              (no ring)

@: confused, mighty, lethally poisoned (-1 -> -9), berserk cooldown, very
slightly contaminated, slowed, very slow
A: repulsion field 1, agile 1, blurry vision 1, clever 1
a: Depart the Abyss, Bend Space, Banish, Renounce Religion


You were on level 5 of the Dungeon.
You worshipped Lugonu.
Lugonu was most pleased with you.
You visited 1 branch of the dungeon, and saw 5 of its levels.
You visited the Abyss 1 time.

You collected 275 gold pieces.

Inventory:

Hand Weapons
 a - a +2 hand axe (weapon)
Armour
 b - a +1 leather armour (worn)
 e - a +0 pair of gloves (worn)
 q - a +0 buckler (worn)
Wands
 f - a wand of digging (5)
Scrolls
 d - 2 scrolls of enchant armour
 g - 2 scrolls of teleportation
 i - a scroll of blinking
 o - 2 scrolls of identify
 p - 2 scrolls of remove curse
 r - a scroll of amnesia
Potions
 c - a potion of invisibility
 h - 2 potions of degeneration


   Skills:
 - Level 4.2 Fighting
 * Level 6.8 Axes
 - Level 3.1 Armour
 - Level 2.0 Dodging
 + Level 2.4 Shields
 + Level 4.9 Invocations


You had 6 spell levels left.
You didn't know any spells.
Your spell library was empty.

Dungeon Overview and Level Annotations

Branches:
Dungeon (5/15)
 Temple: D:4-7

Altars:
Fedhas
Makhleb
Nemelex Xobeh
Ru
Vehumet
Wu Jian
Zin
The Shining One


Innate Abilities, Weirdness & Mutations

You are surrounded by a mild repulsion field. (EV +2)
You are agile. (Dex +2)
Scrolls take you a little longer to read.
Your mind is acute. (Int +2)


Message History

You feel sick. The worker ant bites you.
* * * LOW HITPOINT WARNING * * *
It was a potion of might.
You feel very mighty all of a sudden.
You feel sick. The worker ant closely misses you. The worker ant bites you.
* * * LOW HITPOINT WARNING * * *
You are lethally poisoned!
The worker ant poisons you!
It was a potion of magic.
Magic courses through your body.
* * * LOW HITPOINT WARNING * * *
You feel sick. The worker ant barely misses you.
You block the worker ant's attack.
It was a potion of ambrosia.
You are confused.
You feel invigorated.
* * * LOW HITPOINT WARNING * * *
You feel sick. The worker ant bites you.
* * * LOW HITPOINT WARNING * * *
The worker ant bites you.
You die...

########## #........#
#........# #........# ###
###.....†..################..
......†...BB@.....)..........
.##....††..##############....
#........# #.... #.#..#####
###.. ...... #.. ..####. ###
.. .. . .. . .


You could see 2 worker ants.

Vanquished Creatures
  A phantom (D:4)
  A scorpion (D:5)
  A howler monkey (D:4)
  2 orc wizards
  A bullfrog skeleton (D:4)
  2 worker ants
  9 adders
  A white imp (D:5)
  3 worms
  3 dart slugs
  3 leopard geckos
  11 orcs
  4 giant cockroaches
  5 goblins
  9 hobgoblins
  15 jackals
  12 kobolds
  2 quokkas
  A ball python (D:3)
  2 bats (D:2)
  10 frilled lizards
  A leopard gecko skeleton (D:4)
  5 rats
104 creatures vanquished.

Notes
Turn   | Place    | Note
-------+----------+-------------------------------------------
     0 | Abyss:1  | kae the Hill Orc Abyssal Knight began the quest for the
                  | Orb.
     0 | Abyss:1  | Reached XP level 1. HP: 19/19 MP: 2/2
     9 | Abyss:1  | Found a corrupted altar of Lugonu.
    37 | Abyss:1  | Noticed a glowing orange brain
    39 | Abyss:1  | Noticed a large abomination
    46 | D:1      | Escaped the Abyss
   373 | D:1      | Reached * piety under Lugonu
   373 | D:1      | Reached skill level 3 in Axes
   418 | D:1      | Reached XP level 2. HP: 24/27 MP: 3/3
   469 | D:1      | Reached skill level 1 in Dodging
   872 | D:1      | Reached XP level 3. HP: 27/33 MP: 5/5
  1203 | D:2      | Found a sparkling altar of Nemelex Xobeh.
  1707 | D:2      | Found a burning altar of Makhleb.
  1924 | D:2      | Found a sacrificial altar of Ru.
  1944 | D:2      | Reached skill level 4 in Axes
  1944 | D:2      | Reached XP level 4. HP: 37/40 MP: 6/6
  1947 | D:2      | Reached ** piety under Lugonu
  2202 | D:2      | Found a glowing golden altar of the Shining One.
  2555 | D:3      | Found an ornate altar of the Wu Jian Council.
  2555 | D:3      | Found a radiant altar of Vehumet.
  2555 | D:3      | Found a blossoming altar of Fedhas.
  2555 | D:3      | Found a glowing silver altar of Zin.
  3277 | D:3      | Reached XP level 5. HP: 24/46 MP: 7/7
  4292 | D:4      | Reached skill level 5 in Axes
  4388 | D:4      | Reached skill level 1 in Shields
  4388 | D:4      | Reached XP level 6. HP: 43/52 MP: 8/8
  5172 | D:4      | Reached *** piety under Lugonu
  5406 | D:4      | Noticed a phantom
  5454 | D:4      | Killed a phantom
  5454 | D:4      | Reached skill level 6 in Axes
  6120 | D:5      | Entered Level 5 of the Dungeon
  6190 | D:5      | Reached XP level 7. HP: 18/59 MP: 10/10
  6199 | D:5      | Gained mutation: You are surrounded by a mild repulsion
                  | field. (EV +2) [potion of mutation]
  6199 | D:5      | Gained mutation: Scrolls take you a little longer to read.
                  | [potion of mutation]
  6199 | D:5      | Gained mutation: Your mind is acute. (Int +2) [potion of
                  | mutation]
  6199 | D:5      | Gained mutation: You are agile. (Dex +2) [potion of
                  | mutation]
  6224 | D:5      | HP: 2/59 [worker ant (6)]
  6224 | D:5      | Slain by a worker ant

Illustrated notes

Levels and vault maps discovered:
D:1:      lemuel_arrival_broad_hall, layout_rooms
D:2:      layout_loops_corners, nicolae_overflow_hidden_temple,
          nicolae_ru_great_annihilating_truth, nicolae_overflow_crystal_walls,
          lemuel_crystal_altar, serial_rivers, chequers_serial_rivers_micro_d,
          chequers_serial_rivers_micro_b, chequers_serial_rivers_small_a,
          chequers_serial_rivers_large_a
D:3:      layout_loops_corners, grunt_temple_overflow_open
D:4:      layout_layer_cave, chequers_decorated_corner
D:5:      layout_basic, old_standard_altar, temple_green, gammafunk_ghost_grave,
          hangedman_decor_growths, trog_book

Skill      XL: |  1  2  3  4  5  6 |
---------------+-------------------+-----
Axes           | 3 4 5 6 |  6.8
Dodging        | 1 2 |  2.0
Fighting       | 4 |  4.2
Invocations    | 3 4 |  4.9
Armour         | 3 |  3.1
Shields        | 1 2 |  2.4

Action                   |  1- 3 |  4- 6 |  7- 9 || total
-------------------------+-------+-------+-------++-------
Melee: Hand axe          |   139 |   252 |    16 ||   407
Invok: Depart the Abyss  |     1 |       |       ||     1
  Use: Scroll            |       |    11 |       ||    11
       Potion            |       |     1 |     7 ||     8
 Stab: Invisible         |     1 |     2 |     5 ||     8
       Paralysed         |       |     1 |       ||     1
Armor: Leather armour    |    24 |    85 |     4 ||   113
Dodge: Dodged            |    75 |   183 |    21 ||   279
Block: Buckler           |       |    31 |     4 ||    35

Table legend: (Time is in decaauts)
 A = Elapsed time spent in this place.
 B = Non-inter-level travel time spent in this place.
 C = Inter-level travel time spent in this place.
 D = Time resting spent in this place.
 E = Time spent auto-exploring this place.
 F = Levels seen in this place.
 G = Mean time per level.
                   A        B        C        D        E       F      G
               +--------+--------+--------+--------+--------+-----+--------+
         Total |   6271 |   6151 |    120 |    557 |   4828 |   6 | 1045.2 |
       Dungeon |   6225 |   6105 |    120 |    557 |   4792 |   5 | 1245.0 |
         Abyss |     46 |     46 |      0 |      0 |     36 |   1 |   46.0 |
               +--------+--------+--------+--------+--------+-----+--------+

Top non-repeatable levels by time:
     D:4: 1822 daAuts
     D:3: 1763 daAuts
     D:2: 1384 daAuts
     D:1: 1152 daAuts
     D:5: 101 daAuts
 Abyss:1: 46 daAuts
